 Dungeon Sprint DCSS version 0.30-a0-122-g2a1322497e (webtiles) character file.

Game seed: 3670826243977640111

1817 rocky1 the Fighter (level 9, -13/110 HPs)
             Began as an Ogre Berserker on Sept 16, 2022.
             Was a High Priest of Trog.
             Mangled by a deep elf knight
             ... wielding a +0 scimitar
              (17 damage)
             ... in the Dungeon (Sprint VII: "The Pits").
             The game lasted 00:02:39 (1002 turns).

rocky1 the Fighter (Ogre Berserker)                 Turns: 1002, Time: 00:02:40

Health: -13/110    AC:  3    Str: 27    XL:     9   Next: 10%
Magic:  9/9        EV: 12    Int:  8    God:    Trog [*****.]
Gold:   0          SH:  0    Dex:  8    Spells: 8/8 levels left

rFire   . . .      SeeInvis .    l - +0 giant club
rCold   . . .      Faith    .    (shield currently unavailable)
rNeg    . . .      Spirit   .    b - +0 animal skin
rPois   .          Reflect  .    (helmet restricted)
rElec   .          Harm     .    (no cloak)
rCorr   .          Rampage  .    (gloves unavailable)
Will    .....      NoTele   +    (boots unavailable)
Stlth   +.........               (no amulet)
HPRegen 0.28/turn                (no ring)
MPRegen 0.11/turn                (no ring)

@: on berserk cooldown, hasted and slowed
A: large, unfitting armour, tough skin 1
a: Renounce Religion, Berserk, Trog's Hand, Brothers in Arms


You were in the Dungeon.
You worshipped Trog.
Trog was extremely pleased with you.
You visited 1 branch

Inventory:

Hand Weapons
 a - a +0 mace
 k - a +1 mace of protection
 l - a +0 giant club (weapon)
Armour
 b - a +0 animal skin (worn)
Scrolls
 h - a scroll of blinking
 j - a scroll of summoning
Potions
 c - 5 potions of curing
 d - 3 potions of heal wounds
 f - 4 potions of magic
 g - 3 potions of berserk rage
 i - 2 potions of invisibility


   Skills:
 + Level 13.3 Fighting
 + Level 13.0 Maces & Flails
 + Level 9.9 Dodging
 + Level 1.6 Stealth


You had 8 spell levels left.
You didn't know any spells.
Your spell library was empty.

Dungeon Overview and Level Annotations

Branches:
Dungeon (1/1)

Altars:
Gozag
Hepliaklqana
Sif Muna
Trog
Jiyva


Innate Abilities, Weirdness & Mutations

You are too large for most types of armour.
You have tough skin. (AC +1)


Message History

Your two-headed ogre closely misses the deep elf knight.
Something hits your two-headed ogre!
The orc high priest hits you from afar with a +0 halberd!
You hear some strange, mumbled words.
Your two-headed ogre barely misses the deep elf knight.
Your two-headed ogre completely misses the deep elf knight.
The deep elf knight casts a spell.
The deep elf knight flickers and vanishes!
Something hits your two-headed ogre!!
Your two-headed ogre dies!
Your two-headed ogre's corpse disappears in a puff of smoke!
The orc high priest hits you but does no damage.
You feel much better.
You feel the effects of Trog's Hand fading.
The orc high priest hits you from afar with a +0 halberd.
Unknown command.
You feel yourself speed up.
The orc high priest hits you from afar with a +0 halberd!
Something hits you!
The orc high priest hits you from afar with a +0 halberd!
* * * LOW HITPOINT WARNING * * *
Unknown command.
You feel much better.
You hear some strange, mumbled words.
A shard of ice appears from out of thin air!
The shard of ice hits you!!!
* * * LOW HITPOINT WARNING * * *
The orc high priest closely misses you.
Unknown command.
You hit something but do no damage. Something hits you!
* * * LOW HITPOINT WARNING * * *
Unknown command.
You feel much better.
Your skin stops crawling.
You feel less strong-willed.
The orc high priest hits you from afar with a +0 halberd.
* * * LOW HITPOINT WARNING * * *
Something hits you!!
* * * LOW HITPOINT WARNING * * *
Something hits you!
You die...

#.#..#..#..##.......#
#.##'#.†#'###...<...#
#)#........##.......#
#.#........##.......#
#'###########.......#
#.......#.. #########
#..###..#.#
#.......#.#
##.###.##@#
#.......#{{oS..+
#..###..#'#o...#
#....†..'.#....#
########### ####


You could see an orc high priest, an orc warrior and a water moccasin.

Vanquished Creatures
  A small abomination (D)
  A black bear (D)
  2 sky beasts (D)
  An ogre (D)
  A phantom (D)
  A bullfrog (D)
  2 scorpions (D)
  An iguana (D)
  An adder (D)
  2 orcs (D)
  A giant cockroach (D)
  A goblin (D)
  A ball python (D)
  3 kobolds (D)
  A quokka zombie (D)
  2 rats (D)
22 creatures vanquished.

Vanquished Creatures (collateral kills)
  A deep elf knight (D)
  A deep elf archer (D)
2 creatures vanquished.

Grand Total: 24 creatures vanquished

Notes
Turn   | Place    | Note
-------+----------+-------------------------------------------
     0 | D        | rocky1 the Ogre Berserker began the quest for the Orb.
     0 | D        | Reached XP level 1. HP: 24/24 MP: 1/1
    19 | D        | Found a bloodstained altar of Trog.
    19 | D        | Found a shimmering blue altar of Sif Muna.
    19 | D        | Found a viscous altar of Jiyva.
    19 | D        | Found a hazy altar of Hepliaklqana.
    19 | D        | Found an opulent altar of Gozag.
    56 | D        | Reached ** piety under Trog
   127 | D        | Reached XP level 2. HP: 21/33 MP: 2/2
   244 | D        | Reached *** piety under Trog
   245 | D        | Reached skill level 5 in Fighting
   372 | D        | Reached XP level 3. HP: 37/44 MP: 3/3
   528 | D        | Noticed a phantom
   528 | D        | Noticed a sky beast
   531 | D        | Noticed a scorpion
   542 | D        | Killed a sky beast
   543 | D        | Reached skill level 5 in Dodging
   543 | D        | Reached XP level 4. HP: 57/57 MP: 4/4
   543 | D        | Reached XP level 5. HP: 63/63 MP: 5/5
   549 | D        | Killed a phantom
   549 | D        | Reached **** piety under Trog
   558 | D        | Reached XP level 6. HP: 65/76 MP: 6/6
   648 | D        | Noticed a black bear
   661 | D        | Killed a black bear
   662 | D        | Reached skill level 10 in Fighting
   666 | D        | Noticed a sky beast
   676 | D        | Killed a sky beast
   677 | D        | Reached XP level 7. HP: 65/87 MP: 7/7
   878 | D        | Reached ***** piety under Trog
   879 | D        | Reached skill level 1 in Stealth
   882 | D        | Noticed a small abomination
   885 | D        | Killed a small abomination
   886 | D        | Reached skill level 10 in Maces & Flails
   988 | D        | Noticed a deep elf knight
   988 | D        | Noticed a deep elf knight
   988 | D        | Noticed a deep elf knight
   988 | D        | Noticed a deep elf archer
   988 | D        | Noticed an orc high priest
   991 | D        | Killed a deep elf archer
   992 | D        | Reached XP level 8. HP: 76/101 MP: 8/8
   992 | D        | Killed a deep elf knight
   993 | D        | Reached XP level 9. HP: 110/110 MP: 9/9
  1001 | D        | HP: 4/110 [something (12)]
  1002 | D        | Mangled by a deep elf knight

Illustrated notes

Levels and vault maps discovered:
D:        pitsprint [storerooms_1, entrance_room_1, metal_vault_1, armoury_2,
          mini_pit_1, grid_room_1, main_hall_1, silver_pit, the_coven_3,
          the_vestibule_1, steel_vault_2, golden_pit, hallway_of_sentries,
          crystal_vault_2, iron_vault_1, final_vault]

Skill      XL: |  1  2  3  4  5  6  7  8 |
---------------+-------------------------+-----
Maces & Flails | 3 4 6 7 9 11 13 | 13.0
Dodging        | 3 4 5 6 7 9 |  9.9
Fighting       | 6 7 9 10 12 13 | 13.3
Stealth        | 1 |  1.6

Action                   |  1- 3 |  4- 6 |  7- 9 || total
-------------------------+-------+-------+-------++-------
Melee: Mace              |    47 |    37 |     6 ||    90
       Punch             |     1 |       |       ||     1
       Giant club        |       |       |     9 ||     9
Invok: Berserk           |     2 |       |     2 ||     4
       Trog's Hand       |     1 |       |     1 ||     2
       Brothers in Arms  |       |       |     1 ||     1
  Use: Potion            |     1 |       |     4 ||     5
Armor: Animal skin       |    17 |    31 |     1 ||    49
Dodge: Dodged            |    27 |    21 |     8 ||    56

Table legend: (Time is in decaauts)
 A = Elapsed time spent in this place.
 B = Non-inter-level travel time spent in this place.
 C = Inter-level travel time spent in this place.
 D = Time resting spent in this place.
 E = Time spent auto-exploring this place.
 F = Levels seen in this place.
 G = Mean time per level.
                   A        B        C        D        E       F      G
               +--------+--------+--------+--------+--------+-----+--------+
         Total |   1041 |   1021 |     20 |    749 |      0 |   1 | 1041.0 |
       Dungeon |   1041 |   1021 |     20 |    749 |      0 |   1 | 1041.0 |
               +--------+--------+--------+--------+--------+-----+--------+

Top non-repeatable levels by time:
       D: 1041 daAuts
